 Dungeon Crawl Stone Soup version 0.25-a0-58-g9dd530f (webtiles) character file.

Game seed: 10818977198739059943, levelgen mode: deterministic

956 stealthycow the Sneak (level 7, 0/32 HPs)
             Began as a Spriggan Enchanter on Oct 26, 2019.
             Was a Follower of Wu Jian.
             Killed by divine providence
             ... invoked by an orc priest
              (11 damage)
             ... on level 6 of the Dungeon.
             The game lasted 00:20:27 (5995 turns).

stealthycow the Sneak (Spriggan Enchanter)          Turns: 5995, Time: 00:20:27

Health: 0/32       AC:  4    Str:  4    XL:     7   Next: 91%
Magic:  4/15       EV: 22    Int: 16    God:    Wu Jian [*.....]
Gold:   227        SH:  0    Dex: 19    Spells: 10/16 levels left

rFire    . . .     SeeInvis +   a - +4 dagger
rCold    . . .     Gourm    .   (shield restricted)
rNeg     . . .     Faith    .   b - +0 robe
rPois    +         Spirit   .   (helmet restricted)
rElec    .         Reflect  .   n - +1 cloak
rCorr    .         Harm     .   (gloves unavailable)
MR       ++...                  (boots unavailable)
Stlth    ++++......             (no amulet)
HPRegen  0.10/turn              o - ring of poison resistance
MPRegen  0.14/turn              t - ring of protection from magic

@: very quick
A: very small, unfitting armour, see invisible, herbivore, speed 3, slow
metabolism 2
a: Renounce Religion


You were on level 6 of the Dungeon.
You worshipped Wu Jian.
Wu Jian was aware of your devotion.
You were very hungry.

You visited 2 branches of the dungeon, and saw 7 of its levels.
You also visited: Sewer.

You collected 227 gold pieces.

Inventory:

Hand Weapons
 a - a +4 dagger (weapon)
 s - a +0 rapier
Armour
 b - a +0 robe (worn)
 n - a +1 cloak (worn)
Jewellery
 o - a ring of poison resistance (left hand)
 p - an uncursed ring of wizardry
 q - a +5 ring of intelligence
 t - a ring of protection from magic (right hand)
Wands
 k - a wand of polymorph (11)
 x - a wand of paralysis (8)
Scrolls
 f - 3 scrolls of teleportation
 i - a scroll of enchant weapon
 m - a scroll of remove curse
 w - a scroll of magic mapping {unknown}
Potions
 c - 2 potions of heal wounds
 e - 3 potions of agility
 g - 2 potions of curing
 h - a potion of haste
 j - 2 potions of cancellation
 l - a potion of lignification
 r - 3 potions of flight
 u - a potion of brilliance {unknown}
 v - a potion of mutation {unknown}
Comestibles
 d - 7 rations


   Skills:
 * Level 5.8 Short Blades
 + Level 5.9 Dodging
 + Level 7.2 Stealth
 + Level 5.1 Spellcasting
 + Level 4.6 Hexes
 - Level 2.0 Ice Magic


You had 10 spell levels left.
You knew the following spells:

 Your Spells              Type           Power        Failure   Level  Hunger
a - Corona                Hex            ###....      2%          1    None
b - Ensorcelled Hibernat  Hex/Ice        ##....       6%          2    #......
c - Confuse               Hex            ###.....     7%          3    ###....

Your spell library contained the following spells:

 Spells                   Type           Power        Failure   Level  Hunger
 Confusing Touch          Hex            ###...       2%          1    None
 Tukima's Dance           Hex            ###.....     7%          3    ###....
 Summon Small Mammal      Summ           #...         16%         1    None
 Dazzling Spray           Conj/Hex       ##....       17%         3    ###....
 Summon Guardian Golem    Hex/Summ       ##......     17%         3    ###....
 Call Imp                 Summ           #.......     22%         2    #......
 Call Canine Familiar     Summ           #.......     41%         3    ###....
 Gell's Gravitas          Tloc           #.........   41%         3    ###....
 Summon Ice Beast         Ice/Summ       #.......     69%         4    ####...
 Metabolic Englaciation   Hex/Ice        ##........   71%         5    ######.
 Petrify                  Tmut/Erth      #.......     83%         4    ####...
 Summon Lightning Spire   Summ/Air       #.......     83%         4    ####...
 Yara's Violent Unravell  Hex/Tmut       ##........   85%         5    ######.


Dungeon Overview and Level Annotations

Branches:
Dungeon (6/15)             Temple (1/1) D:4           Sewer (visited)

Altars:
Ashenzari
Elyvilon
Fedhas
Hepliaklqana
Kikubaaqudgha
Makhleb
Okawaru
Sif Muna
Vehumet
Wu Jian
Xom
Yredelemnul
The Shining One

Portals:
Ossuary: D:6

Annotations:
D:5 3 runed translucent doors, GameKiller's ghost, amateur NaFi


Innate Abilities, Weirdness & Mutations

You are very small and have problems with some larger weapons.
You are too small for most types of armour.
You have supernaturally acute eyesight. (SInv)
You are a herbivore.
You cover ground extremely quickly.
You need to consume almost no food.


Message History

You see here a book of Misfortune.
You pick up a book of Misfortune and begin reading...
You add the spells Confusing Touch, Gell's Gravitas, Petrify, Metabolic Englaciation and Yara's Violent Unravelling to your library.
The orc shouts!
You hear a loud, deep croak!
The orc priest shouts!
An orc comes into view. It is wielding a +0 hand axe.
You hear the slow hiss of an avalanche of sand nearby.
Casting: Ensorcelled Hibernation (safe; 6% risk of failure)
Confirm with . or Enter, or press ? or * to list all spells.
Aiming: Ensorcelled Hibernation (safe; 6% risk of failure)
Press: ? - help, Shift-Dir - straight line, f/p - orc warrior
Aim: an orc warrior, wielding a +0 dire flail and wearing a cursed +0 chain mail (chance to defeat MR: 45%)
Okay, then.
You lunge at the orc priest.
You completely miss the orc priest. The orc priest closely misses you.
You spin to attack the orc priest, but your attack speed is too slow for a blow to land.
A bullfrog comes into view.
The orc priest invokes the aid of Beogh against you.
Beogh smites you!
You die...

....##..........#.......##
...........?.###.........#
.............####........#
.#$8.......###.##.......##
∩o#.............#...<...#
###.....o...###...#....###
...#........###...#......##
...#.........##.....<....^#
..#..>.......#..@............
..#8##..o............#.##....
...###........oo.....#.# ....
...# ##................. ...
.... ###.....#.......### ..
....# #.....##......# .#..#
#.#.#####(o$..# ### ......
....F# ....... ##.#..


You could see a bullfrog, an orc priest (pinned) and 2 orcs.

Vanquished Creatures
  Eustachio (D:4)
  A phantom (D:4)
  An ogre (D:4)
  A bullfrog (D:6)
  A big kobold (Sewer)
  A quasit (D:6)
  A hound (D:5)
  2 orc priests (D:4)
  Ijyb (D:4)
  2 worker ants (D:4)
  6 gnolls
  12 adders
  3 river rats
  2 adder skeletons
  2 adder zombies (D:5)
  2 worms
  A dart slug (D:3)
  4 leopard geckos
  12 orcs
  8 bats
  7 giant cockroaches
  8 goblins
  7 hobgoblins
  2 jackals (Sewer)
  A quokka (D:3)
  A ball python (D:4)
  7 frilled lizards
  10 kobolds
  14 rats
121 creatures vanquished.

Notes
Turn   | Place    | Note
-------+----------+-------------------------------------------
     0 | D:1      | stealthycow the Spriggan Enchanter began the quest for the
                  | Orb.
     0 | D:1      | Reached XP level 1. HP: 9/9 MP: 5/5
   314 | D:1      | Reached XP level 2. HP: 13/13 MP: 6/6
   321 | D:1      | Learned a level 2 spell: Ensorcelled Hibernation
   781 | D:2      | Reached XP level 3. HP: 16/16 MP: 8/8
  1392 | D:2      | Reached skill level 5 in Stealth
  1919 | D:3      | Reached XP level 4. HP: 21/21 MP: 7/10
  1932 | D:3      | Learned a level 3 spell: Confuse
  2915 | D:3      | Reached XP level 5. HP: 24/24 MP: 8/11
  3380 | D:4      | Noticed Ijyb
  3385 | D:4      | Killed Ijyb
  3385 | D:4      | Reached skill level 1 in Ice Magic
  3431 | D:4      | Found a glowing drain.
  3453 | D:4      | Noticed a phantom
  3457 | Sewer    | Entered a sewer
  3670 | Sewer    | Reached XP level 6. HP: 15/28 MP: 11/13
  4114 | Sewer    | Found a glowing silver altar of Zin.
  4435 | D:4      | Reached skill level 6 in Stealth
  4437 | D:4      | Noticed Eustachio
  4614 | D:4      | Found a staircase to the Ecumenical Temple.
  4629 | Temple   | Entered the Ecumenical Temple
  4637 | Temple   | Became a worshipper of the Wu Jian Council
  5091 | D:4      | Reached skill level 5 in Dodging
  5158 | D:4      | Killed Eustachio
  5158 | D:4      | Reached skill level 5 in Short Blades
  5158 | D:4      | Reached XP level 7. HP: 32/32 MP: 11/14
  5379 | D:5      | Entered Level 5 of the Dungeon
  5381 | D:5      | Reached skill level 7 in Stealth
  5545 | D:5      | Noticed GameKiller's ghost (amateur NaFi)
  5553 | D:5      | Found a runed translucent gate.
  5553 | D:5      | Found a runed translucent gate.
  5556 | D:5      | Found a runed translucent gate.
  5735 | D:5      | Reached * piety under Wu Jian
  5923 | D:6      | Reached skill level 5 in Spellcasting
  5956 | D:6      | Found a sand-covered staircase.
  5995 | D:6      | Killed from afar by an orc priest

Levels and vault maps discovered:
D:1:      elethiomel_arrival_maze, layout_basic
D:2:      layout_basic
D:3:      layout_basic, minmay_checkerbox
D:4:      layout_rooms, temple_statues, cheibrodos_sewer_entry_sluice,
          dk_noncrumbling_4, uniq_ijyb, uniq_eustachio
D:5:      layout_basic, first_ration, gammafunk_ghost_split
D:6:      layout_cave_pools, basic_altar, lightli_ossuary_entry_decrepit_ruins
Temple:   dpeg_three_leaves_temple

Skill      XL: |  1  2  3  4  5  6  7 |
---------------+----------------------+-----
Spellcasting   | 3 4 5 |  5.1
Short Blades   | 2 3 4 5 |  5.8
Hexes          | 4 |  4.6
Stealth        | 5 6 7 |  7.2
Dodging        | 4 5 |  5.9
Ice Magic      | 1 2 |  2.0

Action                   |  1- 3 |  4- 6 |  7- 9 || total
-------------------------+-------+-------+-------++-------
Melee: Dagger            |   101 |   209 |    58 ||   368
 Cast: Ensorcelled Hiber |    20 |    63 |     9 ||    92
       Confuse           |       |     2 |     2 ||     4
Invok: Lunge             |       |     4 |    10 ||    14
       Whirlwind         |       |       |     1 ||     1
  Use: Scroll            |       |     9 |     4 ||    13
 Stab: Sleeping          |    24 |    38 |     7 ||    69
       Distracted        |     1 |       |     1 ||     2
       Confused          |       |     2 |     2 ||     4
  Eat: Ration            |       |     3 |       ||     3
Armor: Robe              |    24 |    16 |     8 ||    48
Dodge: Dodged            |   126 |   158 |    65 ||   349

Table legend:
 A = Non-vault XP
 B = Vault XP
 C = Vault XP percentage of total XP
 D = Non-vault monster count
 E = Vault monster count
 F = Vault count percentage of total count
                 A         B        C        D         E       F
            +---------+---------+-------+---------+---------+-------
      Total |     969 |     397 |  29.1 |      99 |      22 |  18.2
            +---------+---------+-------+---------+---------+-------
        D:1 |      19 |       0 |   0.0 |      12 |       0 |   0.0
        D:2 |      76 |       0 |   0.0 |      26 |       0 |   0.0
        D:3 |     139 |      31 |  18.2 |      28 |       4 |  12.5
        D:4 |     490 |     240 |  32.9 |      19 |       5 |  20.8
        D:5 |      78 |       0 |   0.0 |      10 |       0 |   0.0
        D:6 |     167 |       0 |   0.0 |       4 |       0 |   0.0
      Sewer |       0 |     126 | 100.0 |       0 |      13 | 100.0
            +---------+---------+-------+---------+---------+-------
